 Dungeon Crawl Stone Soup version 0.30.1-11-g7821555f0a (webtiles) character file.

Game seed: 17294786810798760186

2797 Electrofox the Transmogrifier (level 9, -2/76 HPs)
             Began as a Yellow Draconian Transmuter on Nov 1, 2023.
             Was an Initiate of Sif Muna.
             Slain by a killer bee (3 damage)
             ... on level 9 of the Dungeon.
             The game lasted 01:36:10 (8483 turns).

Electrofox the Transmogrifier (DrTm)                Turns: 8483, Time: 01:36:10

Health: -2/76      AC:  8    Str: 12    XL:     9   Next: 43%
Magic:  15/18      EV: 10    Int: 18    God:    Sif Muna [......]
Gold:   461        SH:  0    Dex: 18    Spells: 6/20 levels left

rFire   x . .        m - melded +1 dagger (drain)
rCold   + + +        (shield currently unavailable)
rNeg    . . .        (body armour unavailable)
rPois   +            (helmet currently unavailable)
rElec   .            e - melded +2 cloak of the Saviour {rF++ MP+9}
rCorr   .            B - melded +2 pair of gloves
SInv    .            (boots currently unavailable)
Will    .....        k - amulet of regeneration
Stlth   ++           n - +6 ring of dexterity
HPRegen 1.12/turn    u - ring of wizardry
MPRegen 0.16/turn

%: wizardry (x1)
@: lethally poisoned (-2 -> -4), about to teleport, ice-form
A: freezing attack, amphibious, boosted hp, (spit acid), AC +7, large, unfitting
armour, (cold-blooded), (acid resistance)
a: End Transformation, Renounce Religion


You were on level 9 of the Dungeon.
You worshipped Sif Muna.
Sif Muna was noncommittal.
You were a creature of crystalline ice.
You visited 2 branches of the dungeon, and saw 10 of its levels.
You also visited: Ossuary.

You collected 461 gold pieces.

Inventory:

Hand Weapons
 m - a +1 dagger of draining (melded)
 r - a +1 dagger of speed
Missiles
 f - 5 javelins (quivered)
 C - 3 silver javelins
Armour
 e - the +2 cloak of the Saviour (melded) {rF++ MP+9}
   (You acquired it on level 5 of the Dungeon)

   rF:        It greatly protects you from fire.
   MP:        It affects your magic capacity (+9).
 B - a +2 pair of gloves (melded)
Jewellery
 k - an amulet of regeneration (around neck)
 n - a +6 ring of dexterity (left front paw)
 t - an amulet of guardian spirit
 u - a ring of wizardry (right front paw)
Wands
 s - a wand of charming (8)
 v - a wand of flame (18)
 D - a wand of mindburst (15)
 F - a wand of acid (7)
Scrolls
 j - 5 scrolls of identify
 l - 2 scrolls of teleportation
 o - a scroll of amnesia {unknown}
 p - 3 scrolls of poison {unknown}
 q - a scroll of vulnerability {unknown}
 w - a scroll of fog {unknown}
 x - 3 scrolls of enchant armour
 y - 3 scrolls of magic mapping
 z - 2 scrolls of immolation {unknown}
 E - a scroll of noise {unknown}
Potions
 a - 2 potions of lignification
 b - 10 potions of curing
 c - 3 potions of flight
 d - 3 potions of haste
 g - 3 potions of invisibility
 h - a potion of ambrosia
 i - 3 potions of heal wounds
 A - a potion of brilliance


   Skills:
 - Level 1.1 Fighting
 - Level 1.7 Dodging
 - Level 3.0 Unarmed Combat
 + Level 6.2 Spellcasting
 + Level 3.4 Conjurations
 - Level 9.0 Transmutations
 + Level 5.0 Fire Magic
 - Level 2.0 Ice Magic
 - Level 2.1 Poison Magic


You had 6 spell levels left.
You knew the following spells:

 Your Spells              Type           Power      Damage    Failure   Level
a - Beastly Appendage     Tmut           76%        N/A       1%          1
b - Spider Form           Tmut/Pois      25%        N/A       1%          3
c - Wereblood             Tmut           38%        N/A       1%          2
d - Ice Form              Ice/Tmut       25%        N/A       4%          4
e - Sticky Flame          Conj/Fire      20%        2d4       9%          4

Your spell library contained the following spells:

 Spells                   Type           Power      Damage    Failure   Level
 Apportation              Tloc           10%        N/A       4%          1
 Inner Flame              Hex/Fire       14%        N/A       4%          3
 Flame Wave               Conj/Fire      20%        2d7       9%          4
 Alistair's Intoxication  Tmut/Pois      16%        N/A       13%         5
 Tukima's Dance           Hex            5%         N/A       14%         3
 Yara's Violent Unravell  Hex/Tmut       10%        3d6       21%         5
 Passage of Golubria      Tloc           5%         N/A       41%         4
 Enfeeble                 Hex            2%         N/A       100%        7


Dungeon Overview and Level Annotations

Branches:
Dungeon (9/15)             Temple (1/1) D:5            Lair (0/5) D:8
Ossuary (visited)
    Orc: D:9-12

Altars:
Ashenzari
Cheibriados
Dithmenos
Elyvilon
Fedhas
Gozag
Hepliaklqana
Kikubaaqudgha
Makhleb
Nemelex Xobeh
Okawaru
Qazlal
Ru
Sif Muna
Trog
Uskayaw
Vehumet
Wu Jian
Xom
Yredelemnul
Zin
The Shining One

Shops:
D:3 (

Annotations:
D:5 exclusion: centaur
D:6 exclusion: ogre
D:7 3 runed translucent doors, exclusion: 4 doors, ripuliukko's ghost, novice DsGl
D:9 exclusions: gnoll and 2 killer bees


Innate Abilities, Weirdness & Mutations

You are a creature of crystalline ice.
You have a powerful freezing melee attack.
You are amphibious.
Your maximum health is increased.
Your armour is entirely melded.
You are incapable of wielding weapons or throwing items.
((You can spit globs of acid.))
((Your golden yellow scales are hard. (AC +7)))
You cannot fit into any form of body armour.
((You are cold-blooded and may be slowed by cold attacks.))
((You are resistant to acid. (rCorr)))


Message History

The killer bee poisons you! The killer bee stings you. x2
The killer bee barely misses you.
The killer bee attacks as you move away!
The killer bee completely misses you.
You feel very sick. The killer bee barely misses you.
The killer bee stings you but does no damage.
The killer bee closely misses you.
The killer bee attacks as you move away!
The killer bee barely misses you.
The killer bee attacks as you move away!
The killer bee stings you.
The killer bee attacks as you move away!
The killer bee misses you.
You feel very sick. The killer bee stings you.
* * * LOW HITPOINT WARNING * * *
The killer bee stings you but does no damage.
As you read the scroll of teleportation, it crumbles to dust.
You feel strangely unstable.
You feel very sick. The killer bee completely misses you.
The killer bee stings you but does no damage.
The killer bee closely misses you. The killer bee barely misses you.
The killer bee closely misses you. The killer bee stings you.
* * * LOW HITPOINT WARNING * * *
The killer bee stings you.
* * * LOW HITPOINT WARNING * * *
The killer bee stings you.
* * * LOW HITPOINT WARNING * * *
The killer bee stings you but does no damage.
You feel better. The killer bee stings you.
* * * LOW HITPOINT WARNING * * *
The killer bee barely misses you. The killer bee stings you.
* * * LOW HITPOINT WARNING * * *
The killer bee stings you.
* * * LOW HITPOINT WARNING * * *
You are lethally poisoned!
The killer bee poisons you! The killer bee stings you.
You die...

##.###...........
#...#.............
#.......?.......#
##....##..........
#.....................
#..................... .#.
###.................... ....
##.##.....yy............ ..g
#........gyY............ . ..
##....#..gyy............
.##g##.......................
....g##).................#
....g#.#.##.#............###
#.....gy..#................##
#........#.............)....#
##.##.#...#..........).)<..##
# ##....#............##...#


You could see 5 killer bees and 2 gnolls.

Vanquished Creatures
  Menkaure (Ossuary)
  3 steam dragons
  3 wargs (D:8)
  2 water moccasins
  An orc warrior (D:7)
  An ice beast (D:6)
  A sky beast (D:7)
  A black bear (D:6)
  2 ogres
  A centaur (D:8)
  2 phantoms
  A bullfrog (D:6)
  A scorpion (D:6)
  A howler monkey (D:6)
  5 hounds
  2 jellies (D:6)
  2 orc priests
  A sleepcap (D:5)
  Natasha (thrice) (D:4)
  Ijyb (D:4)
  4 orc wizards
  3 mummies (Ossuary)
  Robin (D:2)
  5 gnolls
  2 adders
  A shadow imp (D:6)
  3 white imps
  A worm (D:3)
  2 dart slugs (D:1)
  30 orcs
  4 bats
  5 endoplasms
  2 giant cockroaches
  13 goblins
  7 hobgoblins
  8 jackals (D:1)
  13 kobolds
  2 quokkas
  2 training dummies (D:4)
  6 ball pythons
  5 frilled lizards
  4 gnoll skeletons (Ossuary)
  6 gnoll zombies (Ossuary)
  5 goblin skeletons (Ossuary)
  4 goblin zombies (Ossuary)
  3 hobgoblin skeletons (Ossuary)
  3 kobold skeletons (Ossuary)
  7 kobold zombies (Ossuary)
  2 orc skeletons (Ossuary)
  4 orc zombies (Ossuary)
  2 rats
  8 rat skeletons (Ossuary)
  6 rat zombies
  A spectral orc (D:4)
209 creatures vanquished.

Notes
Turn   | Place    | Note
-------+----------+-------------------------------------------
     0 | D:1      | Electrofox the Draconian Transmuter began the quest for the
                  | Orb.
     0 | D:1      | Reached XP level 1. HP: 16/16 MP: 3/3
    94 | D:1      | Reached XP level 2. HP: 19/23 MP: 5/5
   243 | D:1      | Reached skill level 3 in Transmutations
   339 | D:1      | Reached XP level 3. HP: 27/28 MP: 4/6
   687 | D:1      | Learned a level 3 spell: Spider Form
  1124 | D:2      | Learned a level 2 spell: Wereblood
  1367 | D:2      | Reached XP level 4. HP: 34/34 MP: 5/8
  1381 | D:2      | Noticed Robin
  1410 | D:2      | Killed Robin
  1494 | D:2      | Reached skill level 1 in Poison Magic
  1622 | D:3      | Reached skill level 4 in Transmutations
  1856 | D:3      | Reached XP level 5. HP: 40/40 MP: 7/9
  2030 | D:3      | Found a hide-covered altar of Uskayaw.
  2044 | D:3      | Found Hilewnasche's Antique Weapon Shoppe.
  2114 | D:4      | Noticed a phantom
  2188 | D:4      | Noticed Ijyb
  2223 | D:4      | Killed Ijyb
  2316 | D:4      | Reached skill level 5 in Transmutations
  2350 | D:4      | Reached XP level 6. HP: 30/47 MP: 8/11
  2501 | D:4      | Noticed Natasha
  2559 | D:4      | Killed Natasha
  2606 | D:4      | Noticed Natasha
  2762 | D:4      | Killed Natasha
  2797 | D:4      | Learned a level 4 spell: Ice Form
  2956 | D:4      | Noticed Natasha
  2971 | D:4      | Killed Natasha
  3003 | D:4      | Found a basalt altar of Yredelemnul.
  3084 | D:5      | Entered Level 5 of the Dungeon
  3122 | D:5      | Identified a scroll of acquirement
  3122 | D:5      | Acquired the +2 cloak of the Saviour {rF++ MP+9}
  3203 | D:5      | Reached skill level 6 in Transmutations
  3248 | D:5      | Found a sand-covered staircase.
  3266 | Ossuary  | Entered an ossuary
  3899 | Ossuary  | Noticed Menkaure
  3909 | Ossuary  | Killed Menkaure
  3910 | Ossuary  | Your scales start taking on a golden yellow colour.
  3910 | Ossuary  | Reached XP level 7. HP: 39/52 MP: 13/13
  3910 | Ossuary  | Gained mutation: You are resistant to acid. (rCorr) [Yellow
                  | Draconian growth]
  4061 | D:5      | Found a staircase to the Ecumenical Temple.
  4197 | D:5      | Reached skill level 7 in Transmutations
  4743 | D:5      | Reached skill level 5 in Spellcasting
  4889 | D:6      | Noticed a steam dragon
  5096 | Temple   | Entered the Ecumenical Temple
  5266 | D:6      | Reached XP level 8. HP: 56/59 MP: 15/15
  5341 | D:6      | Reached skill level 8 in Transmutations
  5455 | D:6      | Found a shimmering blue altar of Sif Muna.
  5458 | D:6      | Became a worshipper of Sif Muna the Loreminder
  6024 | D:6      | Reached skill level 9 in Transmutations
  6043 | D:6      | Learned a level 4 spell: Sticky Flame
  6579 | D:7      | Reached skill level 1 in Fire Magic
  6579 | D:7      | Reached skill level 1 in Ice Magic
  6972 | D:7      | Found a runed translucent gate.
  6973 | D:7      | Found a runed translucent gate.
  6974 | D:7      | Found a runed translucent gate.
  6975 | D:7      | Noticed ripuliukko's ghost (novice DsGl)
  7027 | D:7      | Found a burning altar of Makhleb.
  7118 | D:7      | Acquired a book of Misfortune
  7275 | D:6      | Reached skill level 1 in Conjurations
  7275 | D:6      | Reached XP level 9. HP: 64/64 MP: 18/18
  7355 | D:8      | Found a white marble altar of Elyvilon.
  7844 | D:8      | Found a glowing golden altar of the Shining One.
  7880 | D:8      | Found a staircase to the Lair.
  8451 | D:9      | Reached skill level 5 in Fire Magic
  8482 | D:9      | HP: 2/76 [killer bee (6)]
  8483 | D:9      | Slain by a killer bee

Illustrated notes

Levels and vault maps discovered:
D:1:      saegor_arrival_simple_e, layout_rooms, nicolae_hexahallways,
          amcnicky_mini_pool_small
D:2:      layout_rooms, chequers_serial_rivers_marsh,
          minmay_misc_feat_diagonals, uniq_robin
D:3:      layout_basic, mainiacjoe_overflow_six_doors_small, serial_shops, shop,
          grunt_ministairs_9
D:4:      dreamdust_elfheim, layout_rooms, yredelemnul_forgotten_temple_becter,
          uniq_ijyb, uniq_natasha
D:5:      layout_cave_pools, minmay_temple_entry_from_below_a, enter_ossuary_4,
          minmay_misc_feat_tower, kb_lookout_dungeons_type
D:6:      cheibrodos_steamvent, layout_basic, kennysheep_mini_moat
D:7:      layout_basic, gammafunk_ghost_necromancy, david_defended_altar_orc
D:8:      layout_basic, elyvilon_altar_1, lemuel_coloured_pillars_altar,
          erik_lair_orcish_takeover
D:9:      layout_cross, bloody_makhleb
Temple:   kb_temple_of_zot

Skill      XL: |  1  2  3  4  5  6  7  8  9 |
---------------+----------------------------+-----
Transmutations | 3 4 5 6 7 9 |  9.0
Poison Magic   | 1 2 |  2.1
Spellcasting   | 3 4 5 6 |  6.2
Fire Magic     | 3 5 |  5.0
Ice Magic      | 2 |  2.0
Conjurations   | 1 3 |  3.4
Fighting       | |  1.1
Dodging        | |  1.7
Unarmed Combat | |  3.0

Action                     |  1- 3 |  4- 6 |  7- 9 || total
---------------------------+-------+-------+-------++-------
  Melee: Short sword       |   118 |    16 |       ||   134
         Kick              |    23 |    73 |    72 ||   168
         Unarmed           |     4 |       |    20 ||    24
         Headbutt          |     9 |    45 |    56 ||   110
         Punch             |     3 |     7 |     5 ||    15
         Tailslap          |    13 |    19 |    41 ||    73
         Dagger            |       |   214 |   225 ||   439
  Throw: Javelin           |       |     6 |     4 ||    10
   Cast: Beastly Appendage |    25 |    31 |    29 ||    85
         Wereblood         |     1 |     8 |     4 ||    13
         Spider Form       |       |       |     1 ||     1
         Ice Form          |       |       |     4 ||     4
         Sticky Flame      |       |       |     2 ||     2
Ability: Breathe Acid      |       |       |     6 ||     6
         End Transformatio |       |       |     2 ||     2
  Evoke: Wand              |       |     1 |     3 ||     4
    Use: Scroll            |       |     7 |     7 ||    14
         Potion            |       |       |     2 ||     2
   Stab: Sleeping          |       |     1 |     1 ||     2
 Armour: Skin              |    44 |    51 |   117 ||   212
  Dodge: Dodged            |    71 |    78 |   144 ||   293
